 Dungeon Crawl Stone Soup version 0.22-a0-833-g8522bf8125 (webtiles) character file.

129 Htamos the Conjurer (level 5, 0/112 HPs)
             Began as an Ogre Conjurer on July 25, 2018.
             Succumbed to a big kobold's poison
             ... on level 3 of the Dungeon.
             The game lasted 00:04:37 (2134 turns).

Htamos the Conjurer (Ogre Conjurer)                 Turns: 2134, Time: 00:04:38

Health: 0/112      AC: 22    Str: 16 (17) XL:     5   Next: 12%
Magic:  8/10       EV:  1    Int: 16 (17) God:
Gold:   98         SH:  0    Dex:  6 (9)  Spells: 9/10 levels left

rFire    . . .     SeeInvis .   g - +0 short sword
rCold    . . .     Gourm    .   (no shield)
rNeg     + + +     Faith    .   (armour currently unavailable)
rPois    +         Spirit   .   (helmet currently unavailable)
rElec    .         Reflect  .   (cloak currently unavailable)
rCorr    .         Harm     .   (gloves unavailable)
MR       .....     NoTele   +   (boots unavailable)
Stlth    ..........             (no amulet)
HPRegen  0.28/turn              (no ring)
MPRegen  0.12/turn              (no ring)

@: mighty, berserking (expiring), lethally poisoned (0 -> -14), tree-form,
hasted, very quick
A: large, unfitting armour
a: no special abilities


You were on level 3 of the Dungeon.
You were not hungry.
You were a tree.
You visited 1 branch of the dungeon, and saw 3 of its levels.

You collected 98 gold pieces.

Inventory:

Hand Weapons
 g - a +0 short sword (weapon)
 i - a +0 dagger
 l - a +0 blowgun
 n - a +0 vampiric short sword
Missiles
 o - 15 poisoned needles
 p - 41 stones (quivered)
Armour
 a - a +1 robe (melded)
Jewellery
 j - an uncursed ring of ice
Scrolls
 s - a scroll of enchant weapon {unknown}
Potions
 d - a potion of magic
 h - a potion of flight
 k - a potion of lignification
Comestibles
 c - 2 rations
 q - a chunk of flesh


   Skills:
 + Level 2.4 Fighting
 + Level 2.5 Dodging
 - Level 1.4 Stealth
 + Level 3.4 Spellcasting
 * Level 4.5 Conjurations


You had 9 spell levels left.
You knew the following spells:

 Your Spells              Type           Power        Failure   Level  Hunger
a - Magic Dart            Conj           ###.         2%          1    None

Your spell library contained the following spells:

 Spells                   Type           Power        Failure   Level  Hunger
 Iskenderun's Mystic Bla  Conj           ###.....     28%         4    ####...
 Fulminant Prism          Conj/Hex       #.........   56%         4    ####...
 Dazzling Spray           Conj/Hex       #.....       22%         3    ###....
 Force Lance              Conj/Tloc      #.......     56%         4    ####...
 Searing Ray              Conj           ###...       4%          2    ##.....


Dungeon Overview and Level Annotations

Branches:
Dungeon (3/15)

Altars:


Innate Abilities, Weirdness & Mutations

You are too large for most types of armour.
((You have tough skin. (AC +1)))


Message History

You feel sick.
You miss the kobold.
* * * LOW HITPOINT WARNING * * *
You feel sick. The kobold hits you but does no damage.
You barely miss the kobold.
* * * LOW HITPOINT WARNING * * *
You feel sick. The kobold hits you but does no damage.
You puncture the kobold!
You kill the kobold!
* * * LOW HITPOINT WARNING * * *
You feel sick.
You cannot move.
You are too berserk!
You are too berserk!
* * * LOW HITPOINT WARNING * * *
You feel sick.
You feel a strong urge to attack something.
* * * LOW HITPOINT WARNING * * *
You feel sick.
You die...

##......# #.##)(#≈≈≈# #.#
#.......#... #))#≈≈.# #.# ....
#.....†.#.# #..#≈#.# #.# #..
#....<....####.(#≈#.# #.# #..
##..........≈#..##..# #.# #.#
#........###≈##(.##.####.## #.#
#........# #≈≈#..##.......####.#
#........###≈≈##))#.####.......#
##.....#..#≈≈≈≈#♣.#.#
#........## ##...###.#≈≈≈≈#..#.#
#.......... #####
#.#≈≈≈≈#.)#.###.......##.
#.##≈≈##..#...#.......##.
#...≈≈#.)##...........##.
#####.≈#..######..........
#......#..# #..........
#....#...)# #....<)....
#....###))## ###....#...


There were no monsters in sight!

Vanquished Creatures
  A big kobold (D:3)
  An adder (D:3)
  A dart slug (D:1)
  2 giant cockroaches (D:1)
  7 goblins
  5 hobgoblins
  3 jackals (D:2)
  A quokka (D:3)
  A ball python (D:1)
  8 bats
  19 kobolds
  3 rats
52 creatures vanquished.

Notes
Turn   | Place    | Note
-------+----------+-------------------------------------------
     0 | D:1      | Htamos the Ogre Conjurer began the quest for the Orb.
     0 | D:1      | Reached XP level 1. HP: 16/16 MP: 3/3
   215 | D:1      | Reached XP level 2. HP: 26/26 MP: 5/5
   388 | D:1      | Reached skill level 1 in Fighting
  1112 | D:2      | Reached XP level 3. HP: 33/33 MP: 4/7
  1150 | D:2      | Reached skill level 4 in Conjurations
  1864 | D:3      | Reached XP level 4. HP: 21/42 MP: 0/8
  2100 | D:3      | Noticed a big kobold
  2119 | D:3      | HP: 3/63 [poisoned by a big kobold]
  2128 | D:3      | Killed a big kobold
  2128 | D:3      | Reached XP level 5. HP: 8/50 MP: 7/10
  2129 | D:3      | HP: 5/112 [poisoned by a big kobold]
  2131 | D:3      | HP: 2/112 [poisoned by a big kobold]
  2134 | D:3      | Succumbed to a big kobold's poison

Vault maps used:
D:1:      dpeg_arrival_rooms_c
D:2:      minivault_19
D:3:      cheibrodos_thug_alley, nicolae_ru_path_of_blood, lemuel_round_altar,
          lemuel_zombie_altar_yredelemnul, first_ration

Skill      XL: |  1  2  3  4 |
---------------+-------------+-----
Dodging        | 2 |  2.5
Fighting       | 1 2 |  2.4
Conjurations   | 4 |  4.5
Spellcasting   | 3 |  3.4
Stealth        | |  1.4

Action                   |  1- 3 |  4- 6 || total
-------------------------+-------+-------++-------
Melee: Unarmed           |    10 |       ||    10
       Short sword       |    10 |     4 ||    14
       Dagger            |    20 |       ||    20
       Blowgun           |       |     2 ||     2
 Fire: Blowgun           |    16 |     6 ||    22
 Cast: Magic Dart        |    69 |    18 ||    87
  Use: Scroll            |     4 |       ||     4
       Potion            |       |     8 ||     8
 Stab: Sleeping          |     4 |       ||     4
  Eat: Chunk             |     3 |     1 ||     4
Armor: Robe              |    23 |     4 ||    27
       Skin              |       |     9 ||     9
Dodge: Dodged            |    48 |     2 ||    50

Table legend:
 A = Spawn XP
 B = Non-spawn XP
 C = Spawn XP percentage of total XP
 D = Spawn monster count
 E = Non-spawn monster count
 F = Spawn count percentage of total count
 G = Total turns spent on level
                    A         B        C        D         E        F      G
               +---------+---------+-------+---------+---------+-------+---------
         Total |       0 |     185 |   0.0 |       0 |      52 |   0.0 |  2134
               +---------+---------+-------+---------+---------+-------+---------
           D:1 |       0 |      27 |   0.0 |       0 |      16 |   0.0 |   859
           D:2 |       0 |      22 |   0.0 |       0 |      14 |   0.0 |   778
           D:3 |       0 |     136 |   0.0 |       0 |      22 |   0.0 |   497
               +---------+---------+-------+---------+---------+-------+---------
